 Dungeon Crawl Stone Soup version 0.15.0-34-g666c3a1 (webtiles) character file.

1928 Screech the Covert (level 8, -1/38 HPs)
             Began as a Spriggan Assassin on Sept 16, 2014.
             Was a Believer of Dithmenos.
             Slain by Prince Ribbit (14 damage)
             ... on Level 7 of the Dungeon.
             The game lasted 00:40:35 (7382 turns).

Screech the Covert (Spriggan Assassin)              Turns: 7382, Time: 00:40:35

HP  -1/38        AC  3     Str 10      XL: 8   Next: 96%
MP  21/21        EV 22     Int 13      God: Dithmenos [**....]
Gold 307         SH  0     Dex 19      Spells:  0 memorised,  7 levels left

rFire  . . .     SeeInvis +     p - +2 dagger (elec)
rCold  . . .     Clarity  .     c - +0 robe
rNeg   . . .     rCorr    .     (shield restricted)
rPois  .         rRot     .     (helmet restricted)
rElec  .         Spirit   .     d - +0 cloak
SustAb .         Warding  .     (gloves unavailable)
rMut   .         Stasis   .     (boots unavailable)
Gourm  .                        (no amulet)
MR     +....                    x - +3 ring of strength
                                r - ring of invisibility

@: wreathed by umbra, very quick, somewhat resistant to hostile enchantments,
extraordinarily stealthy
A: unfitting armour, see invisible, herbivore 3, speed 3, slow metabolism 2
a: Shadow Step, Renounce Religion, Evoke Invisibility


You were on level 7 of the Dungeon.
You worshipped Dithmenos.
Dithmenos was pleased with you.
You were not hungry.

You visited 1 branch of the dungeon, and saw 7 of its levels.

You collected 307 gold pieces.

Inventory:

Hand weapons
 a - a cursed +2 dagger
 b - a +0 blowgun
 p - a +2 dagger of electrocution (weapon)
 t - a +2 short sword of holy wrath
 y - a cursed +2 short sword of speed
 B - a +0 cutlass of holy wrath
Missiles
 e - 77 poisoned needles
 f - 2 curare-tipped needles
 q - 8 tomahawks (quivered)
Armour
 c - a +0 robe (worn)
 d - a +0 cloak (worn)
Magical devices
 w - a wand of teleportation (2)
 G - a wand of disintegration (12)
 R - a wand of frost (7) {unknown}
Comestibles
 m - 5 fruits
 o - 7 bread rations
Scrolls
 h - 2 scrolls of magic mapping {unknown}
 j - a scroll of immolation {unknown}
 k - 3 scrolls of teleportation
 l - 5 scrolls of remove curse
 n - 2 scrolls of fear
 H - 2 scrolls of vulnerability {unknown}
 M - a scroll of blinking {unknown}
 O - a scroll of acquirement {unknown}
 S - a scroll of enchant weapon {unknown}
 U - a scroll of random uselessness {unknown}
Jewellery
 r - a ring of invisibility (left hand)
 x - a +3 ring of strength (right hand)
 T - a cursed -3 ring of dexterity {unknown}
Potions
 g - a potion of porridge
 i - 4 potions of might
 s - 4 potions of haste
 v - 2 potions of cancellation
 z - a potion of agility {unknown}
 C - a potion of poison {unknown}
 D - a potion of flight {unknown}
 F - 2 potions of curing
 J - 2 potions of restore abilities {unknown}
 K - a potion of invisibility
 L - a potion of berserk rage {unknown}
 N - a potion of brilliance {unknown}
 P - a potion of heal wounds {unknown}
Books
 u - a book of the Sky

   Spells                             Type                      Level
   Flight                             Charms/Air                   3
   Airstrike                          Air                          4
   Silence                            Hexes/Air                    5
   Deflect Missiles                   Charms/Air                   6
   Conjure Ball Lightning             Conjuration/Air              6
   Tornado                            Air                          9
 E - a book of Necromancy

   Spells                             Type                      Level
   Pain                               Necromancy                   1
   Animate Skeleton                   Necromancy                   1
   Vampiric Draining                  Necromancy                   3
   Regeneration                       Charms/Necromancy            3
   Animate Dead                       Necromancy                   4
   Control Undead                     Necromancy                   4
Magical staves
 A - an uncursed staff of power


   Skills:
 - Level 1.7 Fighting
 + Level 7.8 Short Blades
 - Level 2.1 Throwing
 - Level 6.3 Dodging
 - Level 12.1 Stealth
 * Level 5.9 Evocations


You had 7 spell levels left.
You didn't know any spells.

Dungeon Overview and Level Annotations

Branches:
Dungeon (7/15)
 Temple: D:4-7

Altars:
Dithmenos
Elyvilon
Fedhas
Kikubaaqudgha
Yredelemnul

Annotations:
D:7 Prince Ribbit


Innate Abilities, Weirdness & Mutations

You are tiny and cannot use many weapons and most armour.
You have supernaturally acute eyesight.
You are a herbivore.
You cover ground extremely quickly.
You need consume almost no food.


Message History

Prince Ribbit is lightly wounded.
You hit Prince Ribbit.
Prince Ribbit is moderately wounded.
Prince Ribbit misses you.
You hit Prince Ribbit.
Prince Ribbit is moderately wounded.
Prince Ribbit closely misses you.
You hit Prince Ribbit.
Prince Ribbit is moderately wounded.
Prince Ribbit completely misses you.
You hit Prince Ribbit.
Prince Ribbit is heavily wounded.
Prince Ribbit completely misses you.
Prince Ribbit momentarily phases out as your attack passes through him.
Prince Ribbit is heavily wounded.
Prince Ribbit hits you!
You miss Prince Ribbit.
Prince Ribbit is heavily wounded.
Prince Ribbit hits you!
You die...

##...# ####..#
......# ####(##
#.# ##.## #...#
#...# ########
#...# #.....@#
##.## ##/.#.#F#
#.# ##.<.#.#.#
#)# ##....#....
#.###.....####.#
#.........# .#
#######...# ##
###.# #...


You could see Prince Ribbit.

Vanquished Creatures
  Eustachio (D:4)
  Edmund (D:7)
  An ice beast (D:5)
  A water moccasin (D:7)
  An ogre (D:7)
  2 centaurs (D:7)
  Sigmund (D:7)
  An elf zombie (D:7)
  2 giant frogs (D:6)
  A scorpion (D:6)
  A wight (D:7)
  A goliath beetle (D:7)
  A giant frog skeleton (D:6)
  2 crimson imps
  6 human zombies (D:7)
  Crazy Yiuf (D:4)
  An iguana (D:7)
  A black bear skeleton (D:6)
  A centaur skeleton (D:6)
  3 human skeletons (D:7)
  3 worker ants
  A killer bee zombie (D:5)
  A hound zombie (D:6)
  Terence (D:2)
  2 mummies
  A worker ant zombie (D:5)
  5 adders
  5 gnolls
  A giant mite (D:2)
  An inept feature mimic (D:6)
  A worm (D:4)
  An orc skeleton (D:7)
  2 adder skeletons
  3 giant geckos
  2 oozes (D:2)
  14 orcs
  A ball python (D:1)
  12 hobgoblins
  7 jackals
  4 quokkas
  7 bats
  4 giant cockroaches
  4 giant newts
  14 goblins
  17 kobolds
  A kobold skeleton (D:4)
  10 rats
  A rat skeleton (D:6)
156 creatures vanquished.

Notes
Turn   | Place    | Note
--------------------------------------------------------------
     0 | D:1      | Screech, the Spriggan Assassin, began the quest for the Orb.
     0 | D:1      | Reached XP level 1. HP: 10/10 MP: 2/2
   201 | D:1      | Reached XP level 2. HP: 14/14 MP: 4/4
   606 | D:1      | Reached skill level 6 in Stealth
   659 | D:1      | Reached XP level 3. HP: 18/18 MP: 6/6
  1282 | D:2      | Noticed Terence
  1302 | D:2      | Killed Terence
  1619 | D:2      | Reached skill level 7 in Stealth
  1619 | D:2      | Reached XP level 4. HP: 22/22 MP: 8/8
  3308 | D:3      | Reached XP level 5. HP: 22/26 MP: 10/10
  3747 | D:3      | Reached skill level 1 in Evocations
  4108 | D:4      | Found a shadowy altar of Dithmenos.
  4158 | D:4      | Became a worshipper of Dithmenos the Shadowed
  4247 | D:4      | Reached skill level 8 in Stealth
  4282 | D:4      | Found a white marble altar of Elyvilon.
  4473 | D:4      | Noticed Crazy Yiuf
  4479 | D:4      | Killed Crazy Yiuf
  4579 | D:4      | Noticed Eustachio
  4588 | D:4      | Killed Eustachio
  4588 | D:4      | Reached skill level 9 in Stealth
  4588 | D:4      | Reached XP level 6. HP: 30/30 MP: 11/15
  4863 | D:5      | Entered Level 5 of the Dungeon
  5073 | D:5      | Reached XP level 7. HP: 34/34 MP: 14/18
  5406 | D:5      | Reached skill level 5 in Short Blades
  5649 | D:6      | Reached skill level 5 in Dodging
  5692 | D:6      | Found a blossoming altar of Fedhas.
  5712 | D:6      | Found an ancient bone altar of Kikubaaqudgha.
  5805 | D:6      | Reached skill level 5 in Evocations
  6631 | D:7      | Acquired Dithmenos' first power
  6635 | D:7      | Reached skill level 10 in Stealth
  6635 | D:7      | Reached XP level 8. HP: 38/38 MP: 20/20
  6653 | D:7      | Found a basalt altar of Yredelemnul.
  6700 | D:7      | Reached skill level 11 in Stealth
  6832 | D:7      | Reached skill level 12 in Stealth
  6856 | D:7      | Noticed Edmund
  6864 | D:7      | Killed Edmund
  6923 | D:7      | Noticed Sigmund
  6941 | D:7      | Killed Sigmund
  7283 | D:7      | Noticed Prince Ribbit
  7382 | D:7      | Slain by Prince Ribbit

Action                   |  1- 3 |  4- 6 |  7- 9 || total
-------------------------+-------+-------+-------++-------
Melee: Dagger            |    77 |   207 |   172 ||   456
 Abil: Evoke Invisibilit |     1 |     2 |     2 ||     5
  Use: Scroll            |     1 |     8 |     5 ||    14
 Stab: Sleeping          |    15 |    17 |    27 ||    59
       Invisible         |     1 |     1 |       ||     2
       Distracted        |       |     2 |     1 ||     3
  Eat: Royal jelly       |       |     1 |       ||     1
       Fruit             |       |     1 |       ||     1
       Bread ration      |       |       |     1 ||     1
